 Dungeon Crawl Stone Soup version 0.20.0-15-g7f486f2 (webtiles) character file.

240 Merkmirnix the Skirmisher (level 5, -5/47 HPs)
             Began as a Minotaur Berserker on June 30, 2017.
             Was a Priest of Trog.
             Slain by Grinder (6 damage)
             ... on level 2 of the Dungeon.
             The game lasted 00:41:57 (2211 turns).

Merkmirnix the Skirmisher (Minotaur Berserker)      Turns: 2211, Time: 00:41:58

Health: -5/47      AC:  7    Str: 23    XL:     5   Next: 79%
Magic:  4/4        EV:  8    Int:  4    God:    Trog [***...]
Gold:   160        SH:  8    Dex:  9    Spells: 4/4 levels left

rFire    . . .     SeeInvis .   u - +3 flail (protect)
rCold    . . .     Gourm    .   r - +0 shield
rNeg     + . .     Faith    .   m - +0 scale mail
rPois    .         Spirit   .   (helmet restricted)
rElec    .         Reflect  .   w - scarf {cloud immunity}
rCorr    .         Harm     .   (no gloves)
MR       .....                  (no boots)
Stlth    ..........             (no amulet)
Regen    0.2/turn               d - ring of positive energy
MPRegen  0.1/turn               (no ring)

@: berserk cooldown, flying, slowed, very slow
A: retaliatory headbutt, horns 2
a: Berserk, Trog's Hand, Burn Spellbooks, Renounce Religion


You were on level 2 of the Dungeon.
You worshipped Trog.
Trog was most pleased with you.
You were near starving.

You visited 1 branch of the dungeon, and saw 3 of its levels.

You collected 160 gold pieces.

Inventory:

Hand Weapons
 a - a +0 short sword
 u - a +3 flail of protection (weapon)
Armour
 b - a +0 animal skin
 e - a +0 leather armour
 f - a +0 buckler
 k - a +0 ring mail
 m - a +0 scale mail (worn)
 r - a +0 shield (worn)
 w - a scarf of cloud immunity (worn)
Jewellery
 d - a ring of positive energy (left hand)
Scrolls
 n - a scroll of remove curse
 o - a scroll of identify
 q - 2 scrolls of teleportation
Potions
 p - a potion of flight
 v - a potion of heal wounds {unknown}
Comestibles
 c - 2 bread rations
 h - a royal jelly
 j - 2 meat rations
 x - 5 chunks of flesh


   Skills:
 + Level 4.6 Fighting
 + Level 4.3 Short Blades
 + Level 2.6 Maces & Flails
 + Level 3.9 Armour
 + Level 3.2 Dodging
 + Level 0.3 Stealth
 + Level 1.4 Shields


You had 4 spell levels left.
You didn't know any spells.

Dungeon Overview and Level Annotations

Branches:
Dungeon (3/15)

Altars:
Gozag

Annotations:
D:2 Grinder


Innate Abilities, Weirdness & Mutations

You reflexively headbutt those who attack you in melee.
You have a pair of horns on your head.


Message History

Grinder gestures at you. Pain shoots through your body!
* * * LOW HITPOINT WARNING * * *
Grinder hits you!
* * * LOW HITPOINT WARNING * * *
You writhe in agony.
* * * LOW HITPOINT WARNING * * *
You closely miss Grinder.
Grinder is severely wounded.
Grinder barely misses you.
You're still recovering from your berserk rage.
It was a potion of flight.
You feel very buoyant.
You fly up into the air.
Grinder hits you.
* * * LOW HITPOINT WARNING * * *
You writhe in agony.
* * * LOW HITPOINT WARNING * * *
Grinder says, "FISH!"
Grinder hits you.
You die...

#............###.#...###...
#............# #)....# #...
#...<........# #####.####..
#.......###..## #.......
######### #...## ###.##((
#####.#..## ####(())#
#.........###.)(..###
#.........##..###..#)
#...@5.......## ##.[.
#...........########.
#........##......###.
#........#######.....
#........# #####.
#........# #. ########## #.
#. #.


You could see Grinder.

Vanquished Creatures
  Natasha (thrice) (D:2)
  Terence (D:2)
  Robin (D:2)
  3 adders
  2 oozes (D:2)
  A worm (D:3)
  3 dart slugs
  A leopard gecko (D:3)
  8 giant cockroaches
  16 goblins
  8 hobgoblins
  5 jackals
  10 bats
  7 frilled lizards
  8 kobolds
  5 rats
82 creatures vanquished.

Notes
Turn   | Place    | Note
-------+----------+-------------------------------------------
     0 | D:1      | Merkmirnix the Minotaur Berserker began the quest for the Orb.
     0 | D:1      | Reached XP level 1. HP: 19/19 MP: 0/0
   217 | D:1      | Reached XP level 2. HP: 21/27 MP: 1/1
   626 | D:1      | Reached ** piety under Trog
   964 | D:1      | Reached XP level 3. HP: 13/33 MP: 2/2
  1251 | D:2      | Found a faded altar of an unknown god.
  1279 | D:2      | Noticed Terence
  1302 | D:2      | Killed Terence
  1375 | D:2      | Reached XP level 4. HP: 14/40 MP: 3/3
  1612 | D:2      | Noticed Natasha
  1618 | D:2      | Killed Natasha
  1638 | D:2      | Noticed Natasha
  1644 | D:2      | Killed Natasha
  1644 | D:2      | Reached skill level 1 in Maces & Flails
  1648 | D:2      | Found an opulent altar of Gozag.
  1652 | D:2      | Reached skill level 1 in Shields
  1653 | D:2      | Noticed Robin
  1657 | D:2      | Reached XP level 5. HP: 38/47 MP: 4/4
  1681 | D:2      | Killed Robin
  1691 | D:2      | Noticed Natasha
  1698 | D:2      | Killed Natasha
  1764 | D:2      | Reached *** piety under Trog
  2163 | D:3      | Noticed Grinder
  2185 | D:3      | HP: 2/47 [Grinder (1)]
  2211 | D:2      | HP: 1/47 [Grinder (2)]
  2211 | D:2      | Slain by Grinder

Skill      XL: |  1  2  3  4  5 |
---------------+----------------+-----
Fighting       | 4 |  4.6
Short Blades   | 4 |  4.3
Armour         | 3 |  3.9
Maces & Flails | 1 2 |  2.6
Shields        | 1 |  1.4
Dodging        | 3 |  3.2
Stealth        | |  0.3

Action                   |  1- 3 |  4- 6 || total
-------------------------+-------+-------++-------
Melee: Short sword       |    96 |       ||    96
       Headbutt          |    18 |    16 ||    34
       Flail             |     7 |    99 ||   106
Invok: Trog's Hand       |       |     3 ||     3
       Berserk           |       |     2 ||     2
  Use: Scroll            |       |     6 ||     6
       Potion            |       |     3 ||     3
  Eat: Chunk             |       |     6 ||     6
Armor: Leather armour    |    14 |       ||    14
       Animal skin       |     1 |       ||     1
       Scale mail        |    25 |    76 ||   101
       Ring mail         |     2 |       ||     2
Dodge: Dodged            |    60 |    51 ||   111
Block: Shield            |    27 |    71 ||    98
       Buckler           |     4 |       ||     4
